 Dungeon Crawl Stone Soup version 0.17.1-1-g73c8601 (webtiles) character file.

8562 Goblin1989 the Basher (level 11, -3/73 HPs)
             Began as a Gargoyle Fighter on Dec 24, 2015.
             Was an Initiate of Ru.
             Slain by a minotaur
             ... wielding a +6 rod of destruction (3/11)
              (12 damage)
             ... in a labyrinth.
             The game lasted 00:33:45 (9456 turns).

Goblin1989 the Basher (Gargoyle Fighter)            Turns: 9456, Time: 00:33:45

Health: -3/73      AC: 15    Str: 28    XL:     11   Next: 32%
Magic:  11/11      EV:  9    Int:  9    God:    Ru [......]
Gold:   314        SH: 10    Dex: 14    Spells: 0 memorised, 10 levels left

rFire  . . .     SeeInvis .     x - +9 mace "Zacaorab" {freeze, *Noise +Blink +Rage rPois}
rCold  + . .     Clarity  .     e - +0 plate armour
rNeg   + . .     SustAt   .     c - +0 shield
rPois  ∞         Gourm    .     (no helmet)
rElec  +         Spirit   .     H - +0 cloak
rCorr  .         Warding  .     (no gloves)
rMut   .         Stasis   .     (no boots)
MR     .....                    z - amulet of rage
Stlth  ..........               (no ring)
                                l - ring of protection from cold

@: mighty, agile, corroded equipment, drained, not resistant to hostile
enchantments, extremely unstealthy
A: negative energy resistance 1, electricity resistance, unbreathing,
petrification resistance, rot immunity, no stealth, AC +7
a: Renounce Religion, Evoke Blink, Evoke Berserk Rage


You were in a labyrinth.
You worshipped Ru.
Ru was noncommittal.
You were hungry.

You visited 3 branches of the dungeon, and saw 12 of its levels.
You also visited: Labyrinth.

You collected 620 gold pieces.
You spent 306 gold pieces at shops.

Inventory:

Hand Weapons
 x - the +9 mace "Zacaorab" (weapon) {freeze, *Noise +Blink +Rage rPois}
   (You bought it in a shop on level 6 of the Dungeon)

   It has been specially enchanted to freeze those struck by it, causing extra
   injury to most foes and up to half again as much damage against particularly
   susceptible opponents.
   It can also slow down cold-blooded creatures.
   It protects you from poison.
   It lets you blink.
   It lets you go berserk.
   It may make noises in combat.
Missiles
 p - 8 javelins (quivered)
Armour
 c - a +0 shield (worn)
 e - a +0 plate armour (worn)
 H - a +0 cloak (worn)
Jewellery
 l - a ring of protection from cold (left hand)
 z - an amulet of rage (around neck)
 N - an uncursed ring of teleportation
Wands
 j - a wand of digging (15)
 C - a wand of frost (23)
 D - a wand of magic darts (8)
 M - a wand of polymorph (11)
Scrolls
 a - a scroll of acquirement {unknown}
 f - 9 scrolls of identify
 g - 4 scrolls of teleportation
 n - 2 scrolls of recharging {unknown}
 u - 3 scrolls of remove curse
 y - 3 scrolls of enchant armour {unknown}
 A - a scroll of magic mapping {unknown}
 B - 3 scrolls of fear {unknown}
 E - 2 scrolls of enchant weapon {unknown}
 F - 2 scrolls of immolation {unknown}
 L - 3 scrolls of fog {unknown}
Potions
 h - 3 potions of haste {unknown}
 k - 3 potions of curing
 m - 3 potions of agility
 r - a potion of poison {unknown}
 s - a potion of mutation {unknown}
 t - a potion of flight {unknown}
 G - a potion of resistance {unknown}
 I - a potion of brilliance {unknown}
Comestibles
 i - a meat ration
 q - 2 beef jerkies
 J - a royal jelly
 K - 2 fruits


   Skills:
 + Level 10.6(10.3) Fighting
 - Level 14.1(13.7) Maces & Flails
 - Level 3.2(3.0) Armour
 * Level 3.3(3.0) Shields


You had 10 spell levels left.
You didn't know any spells.

Dungeon Overview and Level Annotations

Branches:
Dungeon (8/15)             Temple (1/1) D:7            Lair (3/8) D:8
  Swamp: Lair:3-6    Shoals: Lair:3-6     Snake: Lair:3-6    Spider: Lair:3-6

Altars:
Ashenzari
Cheibriados
Dithmenos
Elyvilon
Gozag
Kikubaaqudgha
Makhleb
Nemelex Xobeh
Okawaru
Qazlal
Ru
Sif Muna
Trog
Vehumet
Xom
Yredelemnul
Zin
The Shining One

Shops:
D:6 =%(*:

Annotations:
D:4 exclusion: downstairs
D:5 emiel's ghost, amateur FoGl


Innate Abilities, Weirdness & Mutations

You are resistant to torment.
Your stone body is resilient (AC +7).
You are immune to poison.
You resist negative energy.
You are resistant to electric shocks.
You can survive without breathing.
You are immune to petrification.
You are immune to rotting.
You cannot be stealthy.


Message History

The minotaur is lightly wounded.
The minotaur hits you with a rod of destruction.
You block the minotaur's attack.
You thump the minotaur! You freeze the minotaur.
The minotaur is moderately wounded.
The minotaur hits you with a rod of destruction!!
The minotaur gores you!
* * * LOW HITPOINT WARNING * * *
You hit the minotaur but do no damage.
The minotaur is moderately wounded.
You sock the minotaur! You freeze the minotaur.
The minotaur is moderately wounded.
The minotaur hits you with a rod of destruction.
* * * LOW HITPOINT WARNING * * *
The minotaur gores you.
* * * LOW HITPOINT WARNING * * *
Drink which item? (? for menu, Esc to quit)
You feel better.
The minotaur hits you with a rod of destruction!
You die...

## #..#.# #
#.# ## .....
.. ...... .
..▓▓▓####.###
#.. #..▓ ▓...
...# .# ## ▓
▓.#####.# #.
....▓ ▓.#.#
.# ## ## .▓
▓.#.# # # .▓
▓.H.#
#..▓▓▓@#.#
.#...#.# #.
#####H# #..#
... ## # ###
..# #. ...


You could see a minotaur.

Vanquished Creatures
  2 black mambas (Lair:1)
  3 komodo dragons (Lair:1)
  3 spiny frogs
  2 fire drakes
  5 blink frogs (Lair:1)
  3 yaks (Lair:1)
  A basilisk (Lair:1)
  3 hungry ghosts
  2 hippogriffs
  6 water moccasins
  2 porcupines (Lair:1)
  2 ice beasts (D:5)
  A sky beast (D:6)
  A phantom (D:7)
  6 crocodiles
  3 ogres
  3 centaurs
  2 giant frogs
  2 scorpions (D:4)
  5 wights (D:6)
  3 crimson imps
  A spriggan skeleton (Lab)
  A troll skeleton (Lab)
  A jelly (D:5)
  3 orc wizards
  3 hounds
  A giant frog skeleton (D:5)
  An orc priest (D:4)
  A centaur skeleton (Lab)
  8 iguanas
  A worker ant (D:7)
  7 sheep (Lair:1)
  2 killer bee zombies
  An ogre skeleton (Lab)
  A river rat (Lair:3)
  7 adders
  An ooze (D:5)
  2 worms
  4 giant geckos
  10 orcs
  3 giant cockroaches
  8 goblins
  9 hobgoblins
  10 jackals
  A quokka (D:7)
  3 ball pythons
  5 bats
  4 giant newts
  9 kobolds
  A quokka skeleton (D:4)
  7 rats
176 creatures vanquished.

Vanquished Creatures (others)
  2 fungi
2 creatures vanquished.

Grand Total: 178 creatures vanquished

Notes
Turn   | Place    | Note
--------------------------------------------------------------
     0 | D:1      | Goblin1989 the Gargoyle Fighter began the quest for the Orb.
     0 | D:1      | Reached XP level 1. HP: 14/14 MP: 1/1
   420 | D:1      | Reached XP level 2. HP: 19/19 MP: 2/2
   855 | D:2      | Reached XP level 3. HP: 23/23 MP: 3/3
  1384 | D:3      | Reached skill level 4 in Maces & Flails
  1467 | D:3      | Reached XP level 4. HP: 28/28 MP: 4/4
  1531 | D:3      | Paralysed by an orc for 2 turns
  1535 | D:3      | Paralysed by an orc for 5 turns
  2011 | D:4      | Reached skill level 5 in Maces & Flails
  2011 | D:4      | Reached XP level 5. HP: 28/32 MP: 5/5
  2014 | D:4      | Noticed an ogre
  2023 | D:4      | Killed an ogre
  2023 | D:4      | Reached skill level 6 in Maces & Flails
  2023 | D:4      | Reached XP level 6. HP: 17/37 MP: 6/6
  2293 | D:4      | Identified Tesaus's Compendium of Icy Combat Magic
  2994 | D:4      | Reached skill level 7 in Maces & Flails
  3123 | D:5      | Entered Level 5 of the Dungeon
  3138 | D:5      | Reached XP level 7. HP: 26/41 MP: 7/7
  3293 | D:5      | Reached skill level 8 in Maces & Flails
  3635 | D:5      | Noticed emiel's ghost (amateur FoGl)
  3978 | D:4      | Reached skill level 9 in Maces & Flails
  3978 | D:4      | Reached XP level 8. HP: 33/46 MP: 8/8
  4568 | D:6      | Found Mykues's Jewellery Shoppe.
  4605 | D:6      | Found Xophebex's Food Emporium.
  4640 | D:6      | Found Risy's Antique Weapon Shoppe.
  4648 | D:6      | Bought a twisted mace for 264 gold pieces
  4648 | D:6      | Identified the +9 mace "Zacaorab" {freeze, *Noise +Blink +Rage rPois} (You bought it in a shop on level 6 of the Dungeon)
  4696 | D:6      | Reached skill level 10 in Maces & Flails
  4736 | D:6      | Found Batit's General Store.
  4764 | D:6      | Bought a scroll of remove curse for 42 gold pieces
  4870 | D:6      | Found Pibiag's Book Shoppe.
  5092 | D:6      | Reached skill level 11 in Maces & Flails
  5174 | D:7      | Reached XP level 9. HP: 51/51 MP: 9/9
  5376 | D:7      | Found a staircase to the Ecumenical Temple.
  5386 | D:7      | Reached skill level 12 in Maces & Flails
  5400 | Temple   | Entered the Ecumenical Temple
  5517 | Temple   | Became a worshipper of Ru the Awakened
  5869 | D:8      | Found a staircase to the Lair.
  5871 | D:8      | Noticed a fire drake
  5884 | D:8      | Killed a fire drake
  5895 | Lair:1   | Entered Level 1 of the Lair of Beasts
  5919 | Lair:1   | Noticed a black mamba
  5929 | Lair:1   | Killed a black mamba
  5960 | Lair:1   | Noticed a black mamba
  5970 | Lair:1   | Killed a black mamba
  5970 | Lair:1   | Reached skill level 13 in Maces & Flails
  5992 | Lair:1   | Reached XP level 10. HP: 38/56 MP: 10/10
  6199 | Lair:1   | Noticed a komodo dragon
  6218 | Lair:1   | Killed a komodo dragon
  6542 | Lair:1   | Reached skill level 5 in Fighting
  7019 | Lair:1   | Noticed a fire drake
  7033 | Lair:1   | Killed a fire drake
  7060 | Lair:1   | Reached skill level 14 in Maces & Flails
  7065 | Lair:1   | Noticed a komodo dragon
  7078 | Lair:1   | Killed a komodo dragon
  7355 | Lair:1   | Gained mutation: You cannot be stealthy. [Ru sacrifice]
  7733 | Lair:1   | Reached XP level 11. HP: 58/69 MP: 11/11
  8237 | Lair:2   | Noticed a six-headed hydra
  8271 | Lair:1   | Reached skill level 10 in Fighting
  8593 | Lair:3   | Found a labyrinth entrance.
  8609 | Lab      | Entered a labyrinth
  9446 | Lab      | Noticed a minotaur
  9455 | Lab      | HP: 2/73 [minotaur/rod of destruction (6)]
  9456 | Lab      | Identified a +6 rod of destruction (3/11)
  9456 | Lab      | Slain by a minotaur

Action                   |  1- 3 |  4- 6 |  7- 9 | 10-12 || total
-------------------------+-------+-------+-------+-------++-------
Melee: Flail             |   145 |   152 |   144 |       ||   441
       Mace              |       |       |   127 |   240 ||   367
Invok: Sacrifice Stealth |       |       |       |     1 ||     1
Evoke: Wand              |       |       |     1 |     1 ||     2
  Use: Potion            |       |       |     1 |     3 ||     4
       Scroll            |       |       |       |     4 ||     4
  Eat: Chunk             |     1 |     3 |     5 |     4 ||    13
       Beef jerky        |     1 |       |       |       ||     1
       Fruit             |       |       |     3 |     2 ||     5
       Bread ration      |       |       |     4 |       ||     4
       Meat ration       |       |       |     1 |       ||     1
